 Dungeon Crawl Stone Soup version 0.29.1-1-gd02db6906a (webtiles) character file.

Game seed: 15821213104634644379

21795 croobank the Nimble (level 12, -12/60 HPs)
             Began as a Felid Summoner on Oct 2, 2022.
             Was an Initiate of Gozag.
             Mangled by a six-headed hydra (15 damage)
             ... on level 5 of the Lair of Beasts.
             The game lasted 03:02:06 (23110 turns).

croobank the Nimble (Felid Summoner)               Turns: 23110, Time: 03:02:07

Health: -12/60     AC:  3    Str:  4    XL:     12   Next: 57%
Magic:  25/36      EV: 27    Int: 21    God:    Gozag
Gold:   2304       SH:  0    Dex: 17    Spells: 8/31 levels left
                                        Lives:  0   Deaths: 3

rFire   . . .      SeeInvis +   (weapon unavailable)
rCold   + + .      Faith    .   (shield unavailable)
rNeg    . . .      Spirit   .   (body armour unavailable)
rPois   .          Reflect  .   (helmet unavailable)
rElec   .          Harm     .   (cloak unavailable)
rCorr   .          Rampage  .   (gloves unavailable)
Will    +....                   (boots unavailable)
Stlth   ++........              b - amulet of regeneration
HPRegen 1.00/turn               x - ring of protection from cold
MPRegen 0.25/turn               B - ring of magical power

@: invisible, very slow
A: very small, claws 1, fangs 3, see invisible, speed 1, shaggy fur 3, stealthy
paws, no weapons or thrown items, no armour, multi-lived
a: Renounce Religion, Potion Petition, Call Merchant, Bribe Branch


You were on level 5 of the Lair of Beasts.
You worshipped Gozag.
Gozag was most pleased with you.
You visited 3 branches of the dungeon, and saw 17 of its levels.
You also visited: Sewer and Ossuary.

You collected 3081 gold pieces.
You spent 606 gold pieces at shops.
You paid 171 gold pieces to Gozag.

Inventory:

Jewellery
 b - an amulet of regeneration (around neck)
 s - a ring of resist corrosion
 x - a ring of protection from cold (left paw)
 y - the ring of Propriety {Ice Will+ Dex+4}
   (You found it on level 10 of the Dungeon)

   [ring of ice]

   It enhances your ice magic.
   Dex:       It affects your dexterity (+4).
   rF:        It makes you vulnerable to fire.
   rC:        It protects you from cold.
   Will:      It increases your willpower.
 B - a ring of magical power (right paw)
Wands
 g - a wand of charming (1)
 u - a wand of iceblast (14)
 F - a wand of flame (6)
Scrolls
 a - 6 scrolls of teleportation
 j - 4 scrolls of poison
 m - 6 scrolls of fear
 o - 2 scrolls of butterflies
 p - 2 scrolls of amnesia
 t - 3 scrolls of noise
 z - a scroll of identify
 C - a scroll of silence
 E - 4 scrolls of magic mapping
 H - a scroll of immolation
Potions
 c - 9 potions of curing
 d - 5 potions of brilliance
 e - 2 potions of attraction
 f - 2 potions of degeneration
 h - 6 potions of heal wounds
 i - 4 potions of cancellation
 l - 4 potions of haste
 n - 2 potions of resistance
 q - 3 potions of might
 r - 5 potions of flight
 v - a potion of ambrosia
 w - 2 potions of mutation {unknown}
 A - a potion of magic
 G - a potion of berserk rage {unknown}
 I - a potion of lignification {unknown}


   Skills:
 + Level 11.3 Fighting
 + Level 14.3 Dodging
 - Level 3.5 Stealth
 - Level 10.0 Spellcasting
 - Level 5.0 Hexes
 + Level 10.7 Summonings
 - Level 5.5 Necromancy
 - Level 7.0 Air Magic


You had 8 spell levels left.
You knew the following spells:

 Your Spells              Type           Power      Damage    Failure   Level
a - Summon Small Mammal   Summ           100%       N/A       1%          1
b - Call Imp              Summ           53%        N/A       1%          2
c - Call Canine Familiar  Summ           53%        N/A       1%          3
d - Summon Guardian Gole  Hex/Summ       43%        N/A       1%          3
e - Summon Lightning Spi  Summ/Air       47%        N/A       1%          4
f - Dispel Undead         Necr           33%        3d14      6%          4
g - Summon Cactus Giant   Summ           26%        N/A       12%         6

Your spell library contained the following spells:

 Spells                   Type           Power      Damage    Failure   Level
 Slow                     Hex            100%       N/A       1%          1
 Sublimation of Blood     Necr           33%        N/A       1%          2
 Vampiric Draining        Necr           33%        2d8       1%          3
 Confusing Touch          Hex            31%        N/A       2%          3
 Apportation              Tloc           20%        N/A       6%          1
 Beastly Appendage        Tmut           20%        N/A       6%          1
 Magic Dart               Conj           40%        1d5       6%          1
 Scorch                   Fire           20%        2d6       10%         2
 Searing Ray              Conj           20%        2d5       10%         2
 Wereblood                Tmut           10%        N/A       10%         2
 Gell's Gravitas          Tloc           10%        N/A       19%         3
 Lesser Beckoning         Tloc           10%        N/A       19%         3
 Ozocubu's Armour         Ice            10%        N/A       19%         3
 Spider Form              Tmut/Pois      10%        N/A       19%         3
 Teleport Other           Tloc           10%        N/A       19%         3
 Fulminant Prism          Conj/Hex       10%        3d9       22%         4
 Flame Wave               Conj/Fire      10%        2d6       54%         4
 Petrify                  Tmut/Erth      10%        N/A       54%         4
 Metabolic Englaciation   Hex/Ice        10%        N/A       54%         5
 Death Channel            Necr           16%        N/A       69%         6
 Alistair's Intoxication  Tmut/Pois      6%         N/A       87%         5
 Irradiate                Conj/Tmut      5%         3d13      87%         5
 Iskenderun's Battlesphe  Conj           10%        2d6       87%         5
 Conjure Ball Lightning   Conj/Air       12%        3x3d6     93%         6
 Spellforged Servitor     Conj/Summ      16%        N/A       99%         7
 Iron Shot                Conj/Erth      5%         9d2       100%        6
 Orb of Destruction       Conj           5%         9d5       100%        7
 Storm Form               Tmut/Air       12%        N/A       100%        7
 Discord                  Hex            15%        N/A       100%        8
 Disjunction              Tloc           5%         N/A       100%        8
 Maxwell's Capacitive Co  Air            19%        ∞         100%        8
 Chain Lightning          Conj/Air       12%        3d16      100%        9
 Fire Storm               Conj/Fire      5%         8d1       100%        9
 Shatter                  Erth           5%         3d8*      100%        9
 Corpse Rot               Necr/Pois/Air  Unusable   N/A       N/A         4
 Simulacrum               Ice/Necr       Unusable   N/A       N/A         6

Dungeon Overview and Level Annotations

Branches:
Dungeon (11/15)            Temple (1/1) D:5            Lair (5/5) D:10
  Swamp (0/4) Lair:3        Snake (0/4) Lair:2          Orc (0/2) D:9
  Sewer (visited)         Ossuary (visited)
  Slime: Lair:4-5

Altars:
Ashenzari
Cheibriados
Dithmenos
Elyvilon
Fedhas
Gozag
Hepliaklqana
Kikubaaqudgha
Makhleb
Nemelex Xobeh
Okawaru
Qazlal
Ru
Sif Muna
Trog
Uskayaw
Vehumet
Wu Jian
Xom
Yredelemnul
Zin
The Shining One

Shops:
D:6 !(::   D:8 !

Annotations:
D:9 3 runed translucent doors, virigoth's ghost, novice MiBe


Innate Abilities, Weirdness & Mutations

You have sharp claws.
You have razor-sharp teeth.
You have supernaturally acute eyesight. (SInv)
You cover ground quickly. (Speed+)
Your thick and shaggy fur keeps you warm. (AC +3, rC+)
Your paws help you pounce on unaware monsters.
You are incapable of wielding weapons or throwing items.
You cannot wear armour.
You gain extra lives every three experience levels.


Message History

Your lightning spire disappears in a puff of smoke!
Your guardian golem overheats!
You see here a scroll of enchant weapon.
What are your orders? t - Meow!
Orders for allies: a - Attack new target. r - Retreat! s - Stop attacking. g - Guard the area. f - Follow me.
Anything else - Cancel.
Gang up on whom?
Press: ? - help, Dir - move target, f - six-headed hydra
Aim: a six-headed hydra (black smoke, moderately wounded, ally target) Attack!
Okay, then.
Okay, then.
You fade into invisibility!
The six-headed hydra bites you! The six-headed hydra misses you. x2
The six-headed hydra bites you but does no damage.
The six-headed hydra completely misses you. x2
The six-headed hydra attacks as you move away!
The six-headed hydra bites you. The six-headed hydra barely misses you.
The six-headed hydra completely misses you.
The six-headed hydra bites you!
The six-headed hydra completely misses you.
The six-headed hydra closely misses you.
The six-headed hydra bites you! The six-headed hydra misses you.
The six-headed hydra barely misses you. The six-headed hydra misses you.
The six-headed hydra completely misses you.
The six-headed hydra barely misses you.
You see here 27 gold pieces.
Okay, then.
Casting: Summon Guardian Golem (safe; 1% risk of failure)
Confirm with . or Enter, or press ? or * to list all spells.
The six-headed hydra misses you. The six-headed hydra bites you!
* * * LOW HITPOINT WARNING * * *
The six-headed hydra misses you. The six-headed hydra bites you.
* * * LOW HITPOINT WARNING * * *
The six-headed hydra misses you. The six-headed hydra bites you!
You die...
Your body crumbles into a pile of gold.

8~~~~#~#. ##.#~~#.#
~~..~~~ .~~~ ##~### ##~
#)!(~#~~.~~ #9C≈~#~.~~#~
~ #?D≈~#~~.~~.~ $
#~#~#=@~~#~~~#.~~
#.~~##~~#~~~~#~.
.~~~~~~~~8~P~~.~
#⌠~~~~~~P~~~⌠#P~~#.....
####.~~~~##~## ~~~....
#~~~~.~~~~.~.#~~~~.....
#~#~#~8~~#~~~#~~##.....
~
#~~~~~~.~~.~~#~~##~....
~#~.###~~###~#~~~.~.....


You could see a six-headed hydra (ally target), a friendly cactus giant
(summoned) and a friendly guardian golem (summoned, inner flame).

Vanquished Creatures
  A nameless horror (Lair:3)
  Maggie (D:6)
  3 vampires
  3 killer bees
  An electric eel (Lair:2)
  An orc wizard (D:6)
  4 orcs
  A giant cockroach (D:4)
  A hobgoblin (D:1)
  A jackal (D:4)
17 creatures vanquished.

Vanquished Creatures (collateral kills)
  Erolcha (D:9)
  A boulder beetle (Lair:5)
  3 hydras (Lair:4)
  A merfolk avatar (Lair:5)
  A fire crab (Lair:2)
  A harpy (Lair:5)
  2 elephants (Lair:5)
  3 cane toads
  An unseen horror (D:10)
  2 komodo dragons (Lair:5)
  3 rime drakes
  A nameless horror (Lair:5)
  3 polar bears
  A hornet (Lair:5)
  7 blink frogs
  A snapping turtle (Lair:5)
  6 wyverns
  A shadow (D:10)
  18 yaks
  4 basilisks
  3 steam dragons
  18 water moccasins
  Duvessa (D:7)
  Pargi (Sewer)
  2 orc warriors (D:9)
  2 sky beasts
  An ogre (D:4)
  3 wolves (Lair:3)
  A centaur (D:9)
  A lemure (D:8)
  3 phantoms
  A kobold brigand (D:8)
  13 bullfrogs
  2 necrophages (D:5)
  4 scorpions
  6 killer bees
  3 howler monkeys
  3 hounds
  10 orc priests
  6 orc wizards
  An iguana (D:4)
  2 hound zombies (D:4)
  A mummy (Ossuary)
  7 gnolls
  4 adders
  A shadow imp (D:6)
  4 adder zombies (D:4)
  An adder skeleton (D:4)
  2 worms
  3 dart slugs
  30 orcs
  6 ball pythons
  5 endoplasms
  3 giant cockroaches
  2 gnoll zombies (Ossuary)
  7 goblins
  6 hobgoblins
  9 jackals
  2 bats
  5 frilled lizards
  A hobgoblin zombie (Ossuary)
  18 kobolds
  3 kobold zombies (Ossuary)
  7 rats
275 creatures vanquished.

Vanquished Creatures (others)
  A dire elephant (Lair:2)
  A hydra (Lair:5)
  A centaur warrior (D:10)
  A two-headed ogre (D:10)
  A death yak (Lair:5)
  Pikel (D:8)
  4 black mambas
  An elephant (Lair:2)
  2 torpor snails
  2 gargoyles
  5 cane toads
  2 rime drakes
  3 komodo dragons
  3 polar bears
  4 blink frogs
  2 hornets (Lair:2)
  A snapping turtle (Lair:5)
  7 yaks
  3 wyverns
  2 basilisks (D:10)
  A steam dragon (Lair:5)
  An acid dragon (D:8)
  3 water moccasins
  3 orc warriors
  A black bear (Lair:2)
  2 ogres
  2 wolves (Lair:3)
  A centaur (D:10)
  A kobold brigand (D:8)
  A lemure (D:8)
  Dowan (D:7)
  9 killer bees
  A howler monkey (D:6)
  2 hounds
  An orc priest (D:7)
  Crazy Yiuf (D:6)
  A jelly (D:7)
  3 orc wizards (D:6)
  A hound skeleton (D:4)
  7 mummies (Ossuary)
  A gnoll (D:4)
  3 orcs
  A quokka (D:4)
  A hobgoblin zombie (Ossuary)
  A kobold zombie (Ossuary)
  32 fungi
  52 plants
  6 withered plants
187 creatures vanquished.

Grand Total: 479 creatures vanquished

Notes
Turn   | Place    | Note
-------+----------+-------------------------------------------
     0 | D:1      | croobank the Felid Summoner began the quest for the Orb.
     0 | D:1      | Reached XP level 1. HP: 7/7 MP: 4/4
   221 | D:1      | Reached skill level 3 in Dodging
   221 | D:1      | Reached XP level 2. HP: 11/11 MP: 4/6
   224 | D:1      | Learned a level 2 spell: Call Imp
   695 | D:1      | Reached XP level 3. HP: 14/14 MP: 4/7
  1621 | D:2      | Found a faded altar of an unknown god.
  1916 | D:3      | Found a bloodstained altar of Trog.
  2072 | D:3      | Learned a level 3 spell: Call Canine Familiar
  2249 | D:3      | Found a glowing drain.
  2303 | D:3      | Reached XP level 4. HP: 18/18 MP: 1/9
  2322 | Sewer    | Entered a sewer
  2380 | Sewer    | Noticed Pargi
  2440 | Sewer    | Killed Pargi
  2441 | Sewer    | Reached skill level 4 in Dodging
  2441 | Sewer    | Reached XP level 5. HP: 21/21 MP: 6/10
  3166 | D:3      | Found a faded altar of an unknown god.
  3171 | D:3      | Found an iron altar of Okawaru.
  3340 | D:4      | Reached skill level 5 in Summonings
  3359 | D:4      | Reached skill level 5 in Dodging
  3362 | D:4      | Noticed a phantom
  3519 | D:4      | Gained mutation: You are covered in thick fur. (AC +2)
                  | [Felid growth]
  3519 | D:4      | Reached XP level 6. HP: 24/24 MP: 2/12
  3804 | D:4      | Found a blossoming altar of Fedhas.
  3837 | D:4      | Learned a level 3 spell: Summon Guardian Golem
  3942 | D:4      | Reached skill level 6 in Dodging
  3963 | D:4      | Reached XP level 7. HP: 27/27 MP: 11/14
  4054 | D:4      | Found a broken altar of Ashenzari.
  4378 | D:4      | Found a sparkling altar of Nemelex Xobeh.
  4691 | D:4      | Reached skill level 7 in Dodging
  4691 | D:4      | Reached skill level 5 in Spellcasting
  4995 | D:5      | Entered Level 5 of the Dungeon
  5002 | D:5      | Found a sand-covered staircase.
  5027 | Ossuary  | Entered an ossuary
  5546 | D:5      | Found a burning altar of Makhleb.
  5730 | D:5      | Reached XP level 8. HP: 31/31 MP: 8/16
  5873 | D:5      | Reached skill level 1 in Fighting
  6083 | D:5      | Reached skill level 1 in Hexes
  6508 | D:5      | Found a staircase to the Ecumenical Temple.
  6517 | Temple   | Entered the Ecumenical Temple
  6723 | D:6      | Identified the +12 hammer "Guirit" {vamp, rElec Dex+2}
  6727 | D:6      | Found a runed translucent door.
  6728 | D:6      | Noticed Crazy Yiuf
  6745 | D:6      | Killed Crazy Yiuf
  7213 | D:6      | Noticed Maggie
  7263 | D:6      | Killed Maggie
  7264 | D:6      | Reached skill level 8 in Dodging
  7492 | D:6      | Found a basalt altar of Yredelemnul.
  7511 | D:6      | Reached XP level 9. HP: 30/39 MP: 11/18
  7526 | D:6      | Learned a level 4 spell: Summon Lightning Spire
  7575 | D:6      | Found Ahal's Book Shop.
  7593 | D:6      | Found Cysu's Distillery.
  7857 | D:6      | Reached skill level 1 in Air Magic
  8031 | D:6      | Found Doom Azo's Book Boutique.
  8210 | D:6      | Found Qupsuycw's Antique Weapon Emporium.
  8310 | D:7      | Found a hide-covered altar of Uskayaw.
  8397 | D:7      | Noticed a +0 hand axe
  8398 | D:7      | Noticed a +0 hand axe
  8684 | D:7      | Noticed Duvessa
  8703 | D:7      | Reached skill level 5 in Fighting
  8708 | D:7      | Noticed Dowan
  8742 | D:7      | Killed Duvessa
  8743 | D:7      | Reached skill level 5 in Hexes
  8782 | D:7      | Killed Dowan
  8785 | D:7      | Reached skill level 9 in Dodging
  8820 | D:7      | Found a shimmering altar of Xom.
  8822 | D:7      | Noticed a gargoyle
  8857 | D:7      | Killed a gargoyle
  9217 | D:7      | Found a shadowy altar of Dithmenos.
  9217 | D:7      | Found an opulent altar of Gozag.
  9226 | D:7      | Found a stormy altar of Qazlal.
  9228 | D:7      | Found a radiant altar of Vehumet.
  9230 | D:7      | Found a sacrificial altar of Ru.
  9321 | D:7      | Became a worshipper of Gozag Ym Sagoz the Greedy
  9452 | D:8      | Found Joaroivu's Distillery.
  9518 | D:8      | Bought a potion of heal wounds for 65 gold pieces
  9518 | D:8      | Bought a potion of heal wounds for 65 gold pieces
 10034 | D:8      | Reached XP level 10. HP: 42/45 MP: 1/20
 10115 | D:8      | Engulfed by their own flame
 10116 | D:8      | Reached XP level 9. HP: -3/41 MP: 2/20
 10225 | D:8      | Noticed Pikel
 10239 | D:8      | Killed Pikel
 11359 | D:9      | Found a runed translucent gate.
 11426 | D:9      | Found a runed translucent gate.
 11426 | D:9      | Found a runed translucent gate.
 11439 | D:9      | Found an opulent altar of Gozag.
 11441 | D:9      | Noticed a troll
 11442 | D:9      | Noticed virigoth's ghost (novice MiBe)
 11616 | D:9      | Noticed Erolcha
 11725 | D:9      | Reached skill level 10 in Dodging
 11755 | D:10     | Entered Level 10 of the Dungeon
 11796 | D:10     | Noticed a centaur warrior
 11808 | D:10     | Noticed an unseen horror
 11816 | D:10     | Killed a centaur warrior
 11817 | D:10     | Reached XP level 10. HP: 29/47 MP: 3/21
 12083 | D:10     | Found a staircase to the Lair.
 12549 | D:10     | Identified the ring of Propriety {Ice Will+ Dex+4}
 12629 | D:9      | Noticed a fire crab
 12632 | D:9      | a fire crab changed into a jumping spider
 12734 | D:6      | Bought a book of Decay for 476 gold pieces
 12795 | D:9      | Learned a level 4 spell: Dispel Undead
 12834 | D:9      | Identified a scroll of acquirement
 12834 | D:9      | Acquired a book of Chaos
 12991 | D:9      | Found an ancient bone altar of Kikubaaqudgha.
 13051 | D:9      | Reached skill level 1 in Necromancy
 13158 | D:9      | Learned a level 6 spell: Summon Cactus Giant
 13182 | D:9      | Found a staircase to the Orcish Mines.
 13711 | D:9      | Killed Erolcha
 13712 | D:9      | Reached XP level 11. HP: 52/52 MP: 13/23
 14007 | D:9      | Noticed a satyr
 14009 | D:9      | Noticed a ghost moth
 14009 | D:9      | a satyr changed into a ghost moth
 14689 | D:10     | Noticed a two-headed ogre
 14697 | D:10     | Killed a two-headed ogre
 14698 | D:10     | Reached skill level 5 in Necromancy
 15106 | Lair:1   | Entered Level 1 of the Lair of Beasts
 15106 | Lair:1   | You fall into a shaft and drop 1 floor!
 15629 | Lair:1   | Reached skill level 11 in Dodging
 15867 | Lair:1   | Slain by a cane toad
 15868 | Lair:1   | Reached XP level 10. HP: -3/49 MP: 24/31
 15877 | Lair:1   | Killed a cane toad
 15878 | Lair:1   | Reached skill level 5 in Air Magic
 16185 | Lair:1   | Noticed a cane toad
 16199 | Lair:1   | Killed a cane toad
 17095 | Lair:2   | Noticed a black mamba
 17181 | Lair:1   | HP: 1/49 [black mamba (18)]
 17192 | Lair:1   | Killed a black mamba
 17193 | Lair:1   | Reached XP level 11. HP: 12/53 MP: 16/24
 18310 | Lair:2   | Reached skill level 12 in Dodging
 18320 | Lair:2   | Reached skill level 10 in Summonings
 18410 | Lair:2   | Noticed a dire elephant
 18411 | Lair:2   | Noticed a fire crab
 18446 | Lair:2   | Killed a dire elephant
 18733 | Lair:2   | Engulfed by a fire crab's flame
 18734 | Lair:2   | Reached XP level 10. HP: -12/50 MP: 27/32
 18879 | Lair:2   | Found a staircase to the Snake Pit.
 19036 | Lair:3   | Noticed a cane toad
 19068 | Lair:2   | Reached XP level 11. HP: 45/54 MP: 19/25
 19801 | Lair:2   | Killed a fire crab
 19802 | Lair:2   | Reached skill level 10 in Fighting
 19889 | Lair:2   | Noticed an anaconda
 19889 | Lair:2   | Noticed an anaconda
 19889 | Lair:2   | Noticed a fire crab
 19889 | Lair:2   | Noticed a five-headed hydra
 19889 | Lair:2   | Noticed a fire crab
 20077 | Lair:3   | Found a staircase to the Swamp.
 20365 | Lair:3   | Reached skill level 13 in Dodging
 20911 | Lair:4   | Noticed a seven-headed hydra
 20920 | Lair:4   | Killed a seven-headed hydra
 21214 | Lair:4   | Identified the +2 chain mail of Juelol {Dex+6 Stlth+}
 21290 | Lair:4   | Noticed a four-headed hydra
 21298 | Lair:4   | Noticed a nameless horror
 21334 | Lair:3   | Killed a nameless horror
 21484 | Lair:4   | Killed a four-headed hydra
 21742 | Lair:4   | Noticed an eight-headed hydra
 21752 | Lair:4   | Killed an eight-headed hydra
 22220 | Lair:5   | Entered Level 5 of the Lair of Beasts
 22263 | Lair:5   | Noticed a death yak
 22274 | Lair:5   | Gained mutation: Your thick and shaggy fur keeps you warm.
                  | (AC +3, rC+) [Felid growth]
 22274 | Lair:5   | Reached XP level 12. HP: 59/59 MP: 23/26
 22279 | Lair:5   | Killed a death yak
 22415 | Lair:5   | Reached skill level 10 in Spellcasting
 22725 | Lair:5   | Noticed a boulder beetle
 22735 | Lair:5   | Killed a boulder beetle
 22821 | Lair:5   | Reached skill level 14 in Dodging
 22861 | Lair:5   | Noticed a merfolk avatar
 22876 | Lair:5   | Killed a merfolk avatar
 22886 | Lair:5   | Noticed a four-headed hydra
 22900 | Lair:5   | Killed a four-headed hydra
 23101 | Lair:5   | Noticed a six-headed hydra
 23110 | Lair:5   | HP: 3/60 [six-headed hydra (1)]
 23110 | Lair:5   | Mangled by a six-headed hydra

Illustrated notes

Levels and vault maps discovered:
D:1:      wander_arrival_peaceful_grave, layout_loops_ring,
          palyth_stone_intersect
D:2:      layout_basic, shapermc_ecumenical_altar_petra
D:3:      layout_basic, bloody_trog, nicolae_overflow_ecumenical_swirl,
          gup_sewer_entry_glass, dk_vineyard_2, amethyst_killhole,
          minmay_quadrilaterals
D:4:      layout_basic, fedhas_altar_2, kennysheep_little_box,
          nemelex_spade_bored_becter, serial_undead, serial_undead_c,
          serial_undead_a, serial_undead_b, serial_undead_a,
          roderic_nine_men_s_morris, hangedman_decor_growths
D:5:      layout_cave_pods, mainiacjoe_overflow_24_doors,
          minmay_temple_entry_overgrown, nicolae_ossuary_entry_ruins
D:6:      layout_basic, yredelemnul_altar_generic, serial_shops, shop, shop,
          kennysheep_mini_moat, shop, uniq_crazy_yiuf_cottage, uniq_maggie
D:7:      layout_loops_ring, dancing_weapons_uskayaw,
          chequers_temple_overflow_minitemple, xom_redecorated, uniq_duvessa
D:8:      layout_basic, serial_shops, shop, uniq_pikel
D:9:      layout_roguey, kiku_gazebo_garden_becter, david_orc_1_choice,
          ebering_ghost_gozag, uniq_erolcha
D:10:     layout_basic, minmay_lair_entry_grove, corner_web_ring,
          minmay_splitting_lines
D:11:     layout_roguey, minmay_st_funbox, kennysheep_slug_shrine
Temple:   nicolae_temple_little_seven
Lair:1:   layout_cave_pods, st_stairs_10, cheibrodos_lair_reptile_den,
          grunt_megastairs_5
Lair:2:   layout_hall_layers, dummy_snake_entry, chequers_serial_rivers_micro_d,
          nicolae_lair_lakeside_cave, grunt_megastairs_1
Lair:3:   layout_regular_city, swamp_mist, nicolae_volcano_entry_lava_flow
Lair:4:   layout_big_grid
Lair:5:   gammafunk_lair_ancient_temple, layout_regular_city,
          minmay_slime_entry_pillars

Skill      XL: |  1  2  3  4  5  6  7  8  9 10 11 12 |
---------------+-------------------------------------+-----
Stealth        | 3 |  3.5
Dodging        | 3 4 5 6 7 8 10 13 14 | 14.3
Spellcasting   | 3 4 5 7 9 10 | 10.0
Summonings     | 5 6 7 8 10 | 10.7
Fighting       | 3 7 9 10 11 | 11.3
Hexes          | 3 5 |  5.0
Air Magic      | 3 5 7 |  7.0
Necromancy     | 3 5 |  5.5

Action                   |  1- 3 |  4- 6 |  7- 9 | 10-12 || total
-------------------------+-------+-------+-------+-------++-------
Melee: Unarmed           |     6 |     4 |    48 |    65 ||   123
       Bite              |     1 |       |     8 |     7 ||    16
 Cast: Summon Small Mamm |    52 |    29 |    87 |    50 ||   218
       Call Imp          |     6 |     8 |    30 |    20 ||    64
       Call Canine Famil |     3 |    17 |    48 |    75 ||   143
       Summon Guardian G |       |       |    52 |    90 ||   142
       Summon Lightning  |       |       |     9 |    90 ||    99
       Summon Cactus Gia |       |       |       |     9 ||     9
       Dispel Undead     |       |       |       |     6 ||     6
Evoke: Wand              |       |     5 |    16 |    16 ||    37
  Use: Scroll            |     4 |     1 |    11 |    18 ||    34
       Potion            |       |     1 |     1 |     6 ||     8
 Stab: Distracted        |       |       |     1 |     1 ||     2
       Sleeping          |       |       |     1 |       ||     1
Armor: Skin              |     1 |       |     5 |     9 ||    15
Dodge: Dodged            |    11 |    50 |   133 |   313 ||   507
